3L
QUEBEC CITY LES BLEUS @ PANAMA CITY PIRANHAS
05/21/2034
 
TOP OF THE 1ST
Quebec City Les Bleus batting - Pitching for Panama City Piranhas : RHP Freddie Balduis
Pitching: RHP Freddie Balduis
Batting: RHB Tevin McTevin 0-0: Ball
1-0: Called Strike
1-1: Swinging Strike
1-2: Ball
2-2: Strikes out swinging
Batting: LHB Scott Janousek 0-0: Foul Ball, location: 2F
0-1: Swinging Strike
0-2: Foul Ball, location: 2F
0-2: Strikes out swinging
Batting: LHB Jeff Simpson 0-0: Ball
1-0: Called Strike
1-1: Swinging Strike
1-2: SINGLE (Groundball, 34D)
Batting: LHB Palaie Gaoteote 0-0: Ball
1-0: Ground out 4-3 (Groundball, 4MS)
Top of the 1st over - 0 runs, 1 hit, 0 errors, 1 left on base; Quebec City 0 - Panama City 0
BOTTOM OF THE 1ST
Panama City Piranhas batting - Pitching for Quebec City Les Bleus : RHP Michael Machen
Pitching: RHP Michael Machen
Batting: RHB Petri Kallio 0-0: Ground out 5-3 (Groundball, 56S)
Batting: RHB Quindarious Monday 0-0: Foul Ball, location: 2F
0-1: Foul Ball, location: 2F
0-2: Hit by Pitch
Batting: LHB Murray Sperber 0-0: Ground out U3 (Groundball, 3S)
Quindarious Monday to second
Batting: RHB Sergio Ortíz 0-0: Ball
1-0: Called Strike
1-1: Ball
2-1: Ground out 4-3 (Groundball, 4S)
Bottom of the 1st over - 0 runs, 0 hits, 0 errors, 1 left on base; Quebec City 0 - Panama City 0
TOP OF THE 2ND
Quebec City Les Bleus batting - Pitching for Panama City Piranhas : RHP Freddie Balduis
Batting: RHB Kameron Guangorena 0-0: Called Strike
0-1: Swinging Strike
0-2: Ball
1-2: Ball
2-2: DOUBLE (Line Drive, 7LM)
Batting: RHB Kumanosuke Asano 0-0: SINGLE (Flyball, 7S)
Kameron Guangorena to third
Runner from 3rd tries for Home, SAFE, throw made home
Batting: RHB Lane McCool 0-0: Foul Ball, location: 2F
0-1: Ball
1-1: Called Strike
1-2: DOUBLE (Groundball, 3L)
Kumanosuke Asano to third
Runner from 3rd tries for Home, SAFE, no throw
Batting: RHB Cam MacIntosh 0-0: Ball
1-0: Called Strike
1-1: Called Strike
1-2: Ball
2-2: Ball
3-2: Reached on error, E4 (Groundball, 4D)
Lane McCool to third
Batting: RHB Reg Spiers 0-0: Ball
1-0: Called Strike
1-1: Swinging Strike
1-2: Strikes out swinging
Batting: RHB Tevin McTevin 0-0: Ball
1-0: Swinging Strike
1-1: Foul Ball, location: 2F
1-2: Strikes out swinging
Batting: LHB Scott Janousek 0-0: Called Strike
0-1: Ball
1-1: Swinging Strike
1-2: Foul Ball, location: 2F
1-2: SINGLE (Line Drive, 56D)
Lane McCool scores
Cam MacIntosh to second
Batting: LHB Jeff Simpson 0-0: Called Strike
0-1: Swinging Strike
0-2: Strikes out swinging
Top of the 2nd over - 3 runs, 4 hits, 1 error, 2 left on base; Quebec City 3 - Panama City 0
BOTTOM OF THE 2ND
Panama City Piranhas batting - Pitching for Quebec City Les Bleus : RHP Michael Machen
Batting: LHB John Hansen 0-0: Called Strike
0-1: Fly out, F4 (Line Drive, 4)
Batting: RHB Mike Strickland 0-0: Ball
1-0: Ball
2-0: Called Strike
2-1: Ball
3-1: Called Strike
3-2: Foul Ball, location: 2F
3-2: Fly out, F5 (Line Drive, 56)
Batting: LHB António Ramos 0-0: Ball
1-0: Fly out, F8 (Flyball, 8RD)
Bottom of the 2nd over - 0 runs, 0 hits, 0 errors, 0 left on base; Quebec City 3 - Panama City 0
TOP OF THE 3RD
Quebec City Les Bleus batting - Pitching for Panama City Piranhas : RHP Freddie Balduis
Batting: LHB Palaie Gaoteote 0-0: Called Strike
0-1: Fly out, F4 (Popup, 4S)
Batting: RHB Kameron Guangorena 0-0: Swinging Strike
0-1: Swinging Strike
0-2: Foul Ball, location: 2F
0-2: Ball
1-2: Foul Ball, location: 2F
1-2: Foul Ball, location: 2F
1-2: Ball
2-2: Ground out 5-3 (Groundball, 56)
Batting: RHB Kumanosuke Asano 0-0: Swinging Strike
0-1: Foul Ball, location: 2F
0-2: Strikes out swinging
Top of the 3rd over - 0 runs, 0 hits, 0 errors, 0 left on base; Quebec City 3 - Panama City 0
BOTTOM OF THE 3RD
Panama City Piranhas batting - Pitching for Quebec City Les Bleus : RHP Michael Machen
Batting: RHB Enrique Rocha 0-0: Foul Ball, location: 2F
0-1: Swinging Strike
0-2: Strikes out swinging
Batting: RHB Tak-hing Huang 0-0: Ground out 4-3 (Groundball, 4)
Batting: RHB Petri Kallio 0-0: Ball
1-0: Ball
2-0: Called Strike
2-1: Fly out, F4 (Popup, 4MS)
Bottom of the 3rd over - 0 runs, 0 hits, 0 errors, 0 left on base; Quebec City 3 - Panama City 0
TOP OF THE 4TH
Quebec City Les Bleus batting - Pitching for Panama City Piranhas : RHP Freddie Balduis
Batting: RHB Lane McCool 0-0: Called Strike
0-1: Foul Ball, location: 2F
0-2: Ball
1-2: Strikes out swinging
Batting: RHB Cam MacIntosh 0-0: Called Strike
0-1: Ball
1-1: Called Strike
1-2: Ball
2-2: Fly out, F7 (Line Drive, 78M)
Batting: RHB Reg Spiers 0-0: Ball
1-0: SINGLE (Groundball, 6MD)
Batting: RHB Tevin McTevin 0-0: Ball
1-0: SINGLE (Groundball, 56D)
Reg Spiers to second
Batting: LHB Scott Janousek 0-0: Called Strike
0-1: Foul Ball, location: 2F
0-2: Ball
1-2: Ball
2-2: Foul Ball, location: 2F
2-2: Fly out, F7 (Flyball, 78S)
Top of the 4th over - 0 runs, 2 hits, 0 errors, 2 left on base; Quebec City 3 - Panama City 0
BOTTOM OF THE 4TH
Panama City Piranhas batting - Pitching for Quebec City Les Bleus : RHP Michael Machen
Batting: RHB Quindarious Monday 0-0: Called Strike
0-1: Ball
1-1: Called Strike
1-2: Ball
2-2: Ground out 4-3 (Groundball, 34)
Batting: LHB Murray Sperber 0-0: Foul Ball, location: 2F
0-1: SINGLE (Line Drive, 9S)
Batting: RHB Sergio Ortíz 0-0: Ball
1-0: Foul Ball, location: 2F
1-1: Ball
2-1: Grounds into double play, 4-6-3 (Groundball, 4D)
Bottom of the 4th over - 0 runs, 1 hit, 0 errors, 0 left on base; Quebec City 3 - Panama City 0
TOP OF THE 5TH
Quebec City Les Bleus batting - Pitching for Panama City Piranhas : RHP Freddie Balduis
Batting: LHB Jeff Simpson 0-0: Called Strike
0-1: Swinging Strike
0-2: Fly out, F7 (Flyball, 78D)
Batting: LHB Palaie Gaoteote 0-0: Foul Ball, location: 2F
0-1: Swinging Strike
0-2: Foul Ball, location: 2F
0-2: Ball
1-2: Ball
2-2: SINGLE (Flyball, 7LS)
Batting: RHB Kameron Guangorena 0-0: 2-RUN HOME RUN (Flyball, 7LD), Distance : 349 ft
Batting: RHB Kumanosuke Asano 0-0: Ball
1-0: Ball
2-0: Foul Ball, location: 2F
2-1: Swinging Strike
2-2: SOLO HOME RUN (Flyball, 7LD), Distance : 332 ft
Batting: RHB Lane McCool 0-0: Ball
1-0: Ball
2-0: Ball
3-0: Base on Balls
Pitching: LHP Awad Mahmudnizhad
Batting: RHB Cam MacIntosh 0-0: Called Strike
0-1: Ball
1-1: Ball
2-1: Swinging Strike
2-2: Strikes out swinging
Batting: RHB Reg Spiers 0-0: Called Strike
0-1: Ball
1-1: Ball
2-1: Foul Ball, location: 2F
2-2: SINGLE (Groundball, 34D)
Lane McCool to second
Batting: RHB Tevin McTevin 0-0: Fly out, F7 (Flyball, 7LMF)
Top of the 5th over - 3 runs, 4 hits, 0 errors, 2 left on base; Quebec City 6 - Panama City 0
BOTTOM OF THE 5TH
Panama City Piranhas batting - Pitching for Quebec City Les Bleus : RHP Michael Machen
Batting: LHB John Hansen 0-0: Called Strike
0-1: Called Strike
0-2: Foul Ball, location: 2F
0-2: Ball
1-2: Ball
2-2: Foul Ball, location: 2F
2-2: Strikes out looking
Batting: RHB Mike Strickland 0-0: Swinging Strike
0-1: Called Strike
0-2: Ball
1-2: Fly out, F9 (Flyball, 89XD)
Batting: LHB António Ramos 0-0: Foul Ball, location: 2F
0-1: Ball
1-1: Fly out, F6 (Popup, 6D)
Bottom of the 5th over - 0 runs, 0 hits, 0 errors, 0 left on base; Quebec City 6 - Panama City 0
TOP OF THE 6TH
Quebec City Les Bleus batting - Pitching for Panama City Piranhas : LHP Awad Mahmudnizhad
Batting: LHB Scott Janousek 0-0: Called Strike
0-1: SINGLE (Groundball, 4MD)
Batting: LHB Jeff Simpson 0-0: Foul Ball, location: 2F
0-1: Called Strike
0-2: Strikes out swinging
Batting: LHB Palaie Gaoteote 0-0: Ball
1-0: Grounds into double play, 4-6-3 (Groundball, 4)
Top of the 6th over - 0 runs, 1 hit, 0 errors, 0 left on base; Quebec City 6 - Panama City 0
BOTTOM OF THE 6TH
Panama City Piranhas batting - Pitching for Quebec City Les Bleus : RHP Michael Machen
Pitching: RHP Carlos Garza
Batting: RHB Enrique Rocha 0-0: Fly out, F9 (Flyball, 9LD)
Batting: RHB Tak-hing Huang 0-0: Foul Ball, location: 2F
0-1: Foul Ball, location: 2F
0-2: Ball
1-2: Ball
2-2: Ball
3-2: Base on Balls
Batting: RHB Petri Kallio 0-0: Ball
1-0: Called Strike
1-1: Ball
2-1: Foul Ball, location: 2F
2-2: Foul Ball, location: 2F
2-2: Strikes out swinging
Batting: RHB Quindarious Monday 0-0: Fly out, F7 (Line Drive, 7S)
Bottom of the 6th over - 0 runs, 0 hits, 0 errors, 1 left on base; Quebec City 6 - Panama City 0
TOP OF THE 7TH
Quebec City Les Bleus batting - Pitching for Panama City Piranhas : LHP Awad Mahmudnizhad
Batting: RHB Kameron Guangorena 0-0: Ball
1-0: Reached on error, E3 (Groundball, 34)
Batting: RHB Kumanosuke Asano 0-0: Ball
1-0: Called Strike
1-1: Swinging Strike
1-2: Ball
2-2: Grounds into double play, 5-4-3 (Groundball, 56)
Batting: RHB Lane McCool 0-0: Called Strike
0-1: Ball
1-1: Foul Ball, location: 2F
1-2: Ball
2-2: Fly out, F8 (Flyball, 8LS)
Top of the 7th over - 0 runs, 0 hits, 1 error, 0 left on base; Quebec City 6 - Panama City 0
BOTTOM OF THE 7TH
Panama City Piranhas batting - Pitching for Quebec City Les Bleus : RHP Carlos Garza
Batting: LHB Murray Sperber 0-0: Ball
1-0: Called Strike
1-1: Foul Ball, location: 2F
1-2: Foul Ball, location: 2F
1-2: Ball
2-2: Ball
3-2: Base on Balls
Batting: RHB Sergio Ortíz 0-0: Ball
1-0: Called Strike
1-1: Ball
2-1: SINGLE (Line Drive, 9LS)
Murray Sperber to second
Batting: LHB John Hansen 0-0: Foul Ball, location: 2F
0-1: Called Strike
0-2: Ball
Wild Pitch!
Murray Sperber to third
Sergio Ortíz to second
1-2: SINGLE (Line Drive, 3L)
Murray Sperber scores
Sergio Ortíz to third
Batting: RHB Mike Strickland 0-0: Foul Ball, location: 2F
0-1: Foul Ball, location: 2F
0-2: Fly out, F8 (Line Drive, 8RD)
Runner from 3rd tags up, OUT at HOME
John Hansen to second
Batting: LHB António Ramos 0-0: Fly out, F9 (Line Drive, 89S)
Bottom of the 7th over - 1 run, 2 hits, 0 errors, 1 left on base; Quebec City 6 - Panama City 1
TOP OF THE 8TH
Quebec City Les Bleus batting - Pitching for Panama City Piranhas : LHP Awad Mahmudnizhad
Batting: RHB Cam MacIntosh 0-0: Called Strike
0-1: Foul Ball, location: 2F
0-2: Ball
1-2: Foul Ball, location: 2F
1-2: Ball
2-2: Strikes out looking
Batting: RHB Reg Spiers 0-0: Ball
1-0: Foul Ball, location: 2F
1-1: SINGLE (Line Drive, 56)
Batting: RHB Tevin McTevin 0-0: Ball
1-0: Ball
2-0: Ball
3-0: Base on Balls
Reg Spiers to second
Batting: LHB Scott Janousek 0-0: SINGLE (Line Drive, 8LS)
Reg Spiers to third
Tevin McTevin to second
Batting: LHB Jeff Simpson 0-0: SINGLE (Flyball, 34D)
Reg Spiers scores
Tevin McTevin to third
Scott Janousek to second
Batting: LHB Palaie Gaoteote 0-0: Called Strike
0-1: Fly out, F3 (Popup, 34S)
Batting: RHB Kameron Guangorena 0-0: Called Strike
0-1: Fly out, F7 (Flyball, 78M)
Top of the 8th over - 1 run, 3 hits, 0 errors, 3 left on base; Quebec City 7 - Panama City 1
BOTTOM OF THE 8TH
Panama City Piranhas batting - Pitching for Quebec City Les Bleus : RHP Ralph Haggerty
Pitching: RHP Ralph Haggerty
Now at C: Stan St. John
Batting: RHB Enrique Rocha 0-0: Ball
1-0: Ball
2-0: Foul Ball, location: 2F
2-1: Called Strike
2-2: Ground out 6-3 (Groundball, 6M)
Batting: RHB Tak-hing Huang 0-0: Ball
1-0: Ball
2-0: Ball
3-0: Base on Balls
Batting: RHB Petri Kallio 0-0: Ball
1-0: Swinging Strike
1-1: Ball
2-1: Called Strike
2-2: Foul Ball, location: 2F
2-2: Foul Ball, location: 2F
2-2: Ball
3-2: Foul Ball, location: 2F
3-2: Foul Ball, location: 2F
3-2: Base on Balls
Tak-hing Huang to second
Batting: RHB Quindarious Monday 0-0: Called Strike
0-1: Swinging Strike
0-2: Fielders Choice at 2nd, 1-6 (Groundball, 13)
Tak-hing Huang to third
Batting: LHB Murray Sperber Balk!
Tak-hing Huang scores
Quindarious Monday to second
0-0: Ball
1-0: Called Strike
1-1: Foul Ball, location: 2F
1-2: Strikes out swinging
Bottom of the 8th over - 1 run, 0 hits, 0 errors, 1 left on base; Quebec City 7 - Panama City 2
TOP OF THE 9TH
Quebec City Les Bleus batting - Pitching for Panama City Piranhas : LHP Awad Mahmudnizhad
Batting: RHB Kumanosuke Asano 0-0: Ball
1-0: SINGLE (Groundball, 6MD)
Batting: RHB Lane McCool 0-0: Called Strike
0-1: SINGLE (Groundball, 4MD)
Kumanosuke Asano to second
Batting: RHB Cam MacIntosh 0-0: Swinging Strike
0-1: Ball
1-1: Foul Ball, location: 2F
1-2: Ball
2-2: Ground out U3 (Groundball, 34S)
Kumanosuke Asano to third
Lane McCool to second
Batting: RHB Reg Spiers 0-0: Ground out 6-3 (Groundball, 56)
Pitching: RHP Greg Rook
Batting: RHB Tevin McTevin 0-0: Ball
1-0: Called Strike
1-1: Swinging Strike
1-2: Ball
2-2: Strikes out swinging
Top of the 9th over - 0 runs, 2 hits, 0 errors, 2 left on base; Quebec City 7 - Panama City 2
BOTTOM OF THE 9TH
Panama City Piranhas batting - Pitching for Quebec City Les Bleus : RHP Ralph Haggerty
Batting: RHB Sergio Ortíz 0-0: Ball
1-0: Ball
2-0: Called Strike
2-1: Foul Ball, location: 2F
2-2: Strikes out swinging
Batting: LHB John Hansen 0-0: Called Strike
0-1: Called Strike
0-2: Ball
1-2: Ball
2-2: Foul Ball, location: 2F
2-2: Ball
3-2: Ground out 6-3 (Groundball, 6D)
Batting: RHB Mike Strickland 0-0: Ball
1-0: Ball
2-0: Ball
3-0: Foul Ball, location: 2F
3-1: Base on Balls
Batting: LHB António Ramos 0-0: Fly out, F6 (Popup, P)
Bottom of the 9th over - 0 runs, 0 hits, 0 errors, 1 left on base; Quebec City 7 - Panama City 2
Friday, March 29th, 2019 - OOTP Baseball 18.8 Build 76